 Seeded DCSS version 0.30.1-4-g462c640d31 (webtiles) character file.

Game seed: 20230804 (custom seed)

611 AccursedSamuel the Slasher (level 7, -1/43 HPs)
             Began as a Tengu Monk on Aug 21, 2023.
             Was an Elder of Jiyva.
             Engulfed by a steam dragon's steam (14 damage)
             ... on level 6 of the Dungeon.
             The game lasted 00:08:18 (4621 turns).

AccursedSamuel the Slasher (Tengu Monk)             Turns: 4621, Time: 00:08:18

Health: -1/43      AC:  9    Str: 13    XL:     7   Next: 43%
Magic:  8/8        EV: 13    Int: 14    God:    Jiyva [****..]
Gold:   268        SH:  0    Dex: 16    Spells: 6/6 levels left

rFire   . . .        n - +1 war axe of Kemuffou {freeze, Int+3}
rCold   . . .        d - orb {light}
rNeg    . . .        m - +1 scale mail
rPois   +            (helmet restricted)
rElec   .            (no cloak)
rCorr   +            (gloves unavailable)
SInv    .            (boots unavailable)
Will    .....        (no amulet) Stlth
                     l - ring of poison resistance
HPRegen 1.55/turn    (no ring)
MPRegen 0.51/turn

%: no passive effects
@: flying quickly and evasively, glowing, quick
A: beak, talons 3, nimble flight, claws 3, iridescent scales 1, acidic bite
a: Renounce Religion, Oozemancy, Slimify


You were on level 6 of the Dungeon.
You worshipped Jiyva.
Jiyva was greatly pleased with you.
You visited 1 branch of the dungeon, and saw 6 of its levels.
You also visited: Sewer.

You collected 268 gold pieces.

Inventory:

Hand Weapons
 a - a +1 falchion
 n - the +1 war axe of Kemuffou (weapon) {freeze, Int+3}
   (You found it on level 4 of the Dungeon)

   Int:       It affects your intelligence (+3).
Armour
 b - a +0 robe
 d - an orb of light (worn)
 m - a +1 scale mail (worn)
Jewellery
 l - a ring of poison resistance (left claw)
Wands
 i - a wand of flame (20)
Scrolls
 e - 4 scrolls of teleportation
 k - 3 scrolls of identify
Potions
 c - 3 potions of ambrosia
 f - 2 potions of magic
 h - a potion of cancellation {unknown}
 j - a potion of brilliance
 o - a potion of curing


   Skills:
 + Level 4.1 Fighting
 + Level 5.7 Long Blades
 + Level 3.1 Axes
 + Level 3.5 Armour
 + Level 4.7 Dodging
 + Level 1.3 Stealth


You had 6 spell levels left.
You didn't know any spells.
Your spell library contained the following spells:

 Spells                   Type           Power      Damage    Failure   Level
 Apportation              Tloc           0%         N/A       77%         1
 Summon Forest            Summ/Tloc      0%         N/A       100%        5
 Dispersal                Tloc           0%         N/A       100%        6


Dungeon Overview and Level Annotations

Branches:
Dungeon (6/15)             Temple (0/1) D:5           Sewer (visited)

Altars:
Ashenzari
Fedhas
Nemelex Xobeh
Vehumet
Wu Jian
Zin

Shops:
D:5 :

Annotations:
D:5 1 runed translucent door, 0gre's ghost, novice TrBe


Innate Abilities, Weirdness & Mutations

You have a beak for a mouth.
You have claws for feet.
Your magical nature lets you fly swiftly and evasively.
You have claws for hands.
You are partially covered in iridescent scales. (AC +2)
You have acidic saliva.


Message History

You hit the sleepcap. You freeze the sleepcap.
You destroy the sleepcap!
Your Axes skill increases to level 3!
Unknown command.
HP restored.
You hear a distant slurping noise.
Jiyva says: Divide and consume!
You hear a distant slurping noise.
You hear a distant slurping noise.
You hear a distant slurping noise.
You hear a distant slurping noise.
You hear a distant slurping noise.
You hear a distant slurping noise.
You hear a distant slurping noise.
You hear a distant slurping noise.
You hear a squelching noise.
You can now turn your foes to slime.
You hear a series of splatters.
You hear a distant slurping noise.
Found a robe.
Found a stone staircase leading up.
A steam dragon comes into view.
The steam dragon hisses angrily.
A steam dragon is nearby!
Found 8 gold pieces.
The steam dragon breathes steam at you. The ball of steam hits you!
You hit the steam dragon. You freeze the steam dragon.
You claw the steam dragon, but do no damage.
The steam dragon is lightly wounded.
The steam dragon breathes steam at you. The ball of steam hits you!
The steam dragon bites you but does no damage.
The steam dragon claws you.
You hear a shout!
You barely miss the steam dragon.
You claw the steam dragon, but do no damage.
You peck the steam dragon, but do no damage.
The steam dragon is lightly wounded.
You are engulfed in a cloud of scalding steam.
You die...

#≈≈ .§§§.... ..#
....... .. ....... ..
....... #.## ......#
#..# .# #.### ..## ##
#...### #D.# #
##.....######@.# #
#..##.....[##§.####.#
##.######.....§§....#
#..# ###....###....
##.## ###..# $..
##...## <.## ##
......# #.##
##.......# #.
###.####... .#


You could see a steam dragon.

Vanquished Creatures
  A phantom (D:5)
  A scorpion (D:5)
  3 hounds
  A jelly (Sewer)
  An orc priest (D:4)
  A sleepcap (D:6)
  2 iguanas
  An orc wizard (D:3)
  3 gnolls (D:4)
  7 adders
  4 river rats (Sewer)
  4 worms
  4 dart slugs
  13 orcs
  4 ball pythons
  8 endoplasms
  4 giant cockroaches
  6 goblins
  A hobgoblin (D:2)
  2 jackals (D:4)
  4 quokkas
  2 bats
  3 frilled lizards
  2 kobolds (D:4)
  7 rats
89 creatures vanquished.

Vanquished Creatures (others)
  2 jellies (D:6)
  A hound (D:6)
  3 adders
  An endoplasm (D:4)
  A quokka (D:4)
  A goblin (D:4)
9 creatures vanquished.

Grand Total: 98 creatures vanquished

Notes
Turn   | Place    | Note
-------+----------+-------------------------------------------
     0 | D:1      | AccursedSamuel the Tengu Monk began the quest for the Orb.
     0 | D:1      | Reached XP level 1. HP: 14/14 MP: 2/2
    45 | D:1      | Found a faded altar of an unknown god.
   157 | D:1      | You fall into a shaft and drop 1 floor!
   177 | D:2      | Reached XP level 2. HP: 11/19 MP: 3/3
   535 | D:2      | Reached XP level 3. HP: 23/23 MP: 4/4
   868 | D:2      | Reached skill level 1 in Stealth
  1085 | D:3      | Got the Almanac of Location
  1198 | D:3      | Reached skill level 4 in Long Blades
  1348 | D:3      | Reached XP level 4. HP: 28/28 MP: 5/5
  2145 | D:3      | Gained mutation: You have hidden genetic potential. [potion
                  | of mutation]
  2239 | D:4      | Found a glowing drain.
  2252 | D:4      | Reached skill level 1 in Armour
  2261 | Sewer    | Entered a sewer
  2328 | Sewer    | Gained mutation: Your magical nature lets you fly swiftly
                  | and evasively. [Tengu growth]
  2328 | Sewer    | Reached XP level 5. HP: 24/33 MP: 6/6
  2459 | Sewer    | Gained mutation: You are partially covered in iridescent
                  | scales. (AC +2) [hidden potential]
  2613 | Sewer    | Found a viscous altar of Jiyva.
  2620 | Sewer    | Reached skill level 5 in Long Blades
  2632 | Sewer    | Became a worshipper of Jiyva Jugh the Shapeless
  2632 | Sewer    | Reached * piety under Jiyva
  2632 | Sewer    | Reached ** piety under Jiyva
  2737 | D:4      | Identified the +1 war axe of Kemuffou {freeze, Int+3}
  2753 | D:4      | Reached XP level 6. HP: 38/38 MP: 7/7
  2858 | D:4      | Gained mutation: You possess an exceptional clarity of
                  | mind. [hidden potential]
  2858 | D:4      | Lost mutation: You have hidden genetic potential. [hidden
                  | potential expressed]
  3084 | D:4      | Reached skill level 1 in Axes
  3392 | D:4      | Found a radiant altar of Vehumet.
  3392 | D:4      | Found a sparkling altar of Nemelex Xobeh.
  3392 | D:4      | Found an ornate altar of the Wu Jian Council.
  3530 | D:5      | Entered Level 5 of the Dungeon
  3545 | D:5      | Found a staircase to the Ecumenical Temple.
  3557 | D:5      | Reached *** piety under Jiyva
  3732 | D:5      | Reached XP level 7. HP: 42/42 MP: 8/8
  3738 | D:5      | Found Cuxkiss's Book Boutique.
  3867 | D:5      | Found a broken altar of Ashenzari.
  3916 | D:5      | Found a blossoming altar of Fedhas.
  3916 | D:5      | Lost mutation: You possess an exceptional clarity of mind.
                  | [Jiyva's grace]
  3916 | D:5      | Gained mutation: You have sharp fingernails. [Jiyva's
                  | grace]
  3916 | D:5      | Gained mutation: You have very sharp fingernails. [Jiyva's
                  | grace]
  3916 | D:5      | Gained mutation: You have claws for hands. [Jiyva's grace]
  3916 | D:5      | Gained mutation: You have acidic saliva. [Jiyva's grace]
  4005 | D:5      | Found a runed translucent door.
  4264 | D:5      | Noticed 0gre's ghost (novice TrBe)
  4301 | D:6      | Found a glowing silver altar of Zin.
  4501 | D:6      | Reached **** piety under Jiyva
  4617 | D:6      | Noticed a steam dragon
  4621 | D:6      | Engulfed by a steam dragon's steam

Illustrated notes

Levels and vault maps discovered:
D:1:      roderic_octagonal_star, layout_basic,
          hellmonk_ecumenical_altar_run_dry, minmay_box_of_dots
D:2:      layout_loops_ring
D:3:      layout_basic, serial_aquarium, aquarium_bridge_long_separate
          [aquarium_subvault_wall, aquarium_subvault_wall,
          aquarium_subvault_bridge, aquarium_subvault_wall,
          aquarium_subvault_bridge, aquarium_subvault_bridge],
          aquarium_window_1, aquarium_window_fake, aquarium_view_2d,
          aquarium_view_4, aquarium_pool_1
D:4:      layout_basic, gammafunk_temple_overflow_forgotten,
          portal_sewer_entry_b
D:5:      layout_rooms, mainiacjoe_overflow_two_lobes, temple_pool_b,
          serial_shops, nicolae_shop_window_shopping, ebering_ghost_inner_flame
D:6:      layout_layer_cave, grunt_temple_overflow_order_and_chaos_1,
          lightli_temple_of_fire, serial_shops, nicolae_shop_behind_doors

Skill      XL: |  1  2  3  4  5  6  7 |
---------------+----------------------+-----
Stealth        | 1 |  1.3
Long Blades    | 4 5 |  5.7
Dodging        | 4 |  4.7
Armour         | 1 2 3 |  3.5
Axes           | 1 3 |  3.1
Fighting       | 4 |  4.1

Action                     |  1- 3 |  4- 6 |  7- 9 || total
---------------------------+-------+-------+-------++-------
  Melee: Falchion          |    64 |    85 |       ||   149
         Kick              |    14 |    32 |     9 ||    55
         Peck              |     9 |    20 |     6 ||    35
         War axe           |       |    39 |    29 ||    68
         Bite              |       |       |     2 ||     2
    Use: Scroll            |     2 |     2 |     4 ||     8
         Potion            |       |     6 |       ||     6
 Armour: Robe              |     9 |       |       ||     9
         Scale mail        |     5 |    53 |     7 ||    65
  Dodge: Dodged            |    39 |    90 |    18 ||   147
